Workbook
Name \A: #REF!
Name \A: #REF!
Name \aa: #REF!
Name \aa: #REF!
Name \aa: #REF!
Name \B: #REF!
Name \B: #REF!
Name \C: #REF!
Name \C: #REF!
Name \M: #REF!
Name \M: #REF!
Name \N: #REF!
Name \N: #REF!
Name \P: #REF!
Name \P: #REF!
Name \R: #REF!
Name \R: #REF!
Name \U: #REF!
Name \U: #REF!
Name \V: #REF!
Name \V: #REF!
Name \x: #REF!
Name \x: #REF!
Name \x: #REF!
Name ab: #REF!
Name ab: #REF!
Name bb: '[1]Attach-3 (QR)'!#REF!
Name bbbb: '[1]Attach-3 (QR)'!#REF!
Name biddername: #REF!
Name BL2A: #REF!
Name BL2A2: #REF!
Name BL2AA: #REF!
Name BL2AAA: #REF!
Name BL2B: #REF!
Name BL2BB: #REF!
Name BL2BBB: #REF!
Name BL2C: #REF!
Name BL2CC: #REF!
Name BL2CCC: #REF!
Name BL3A: #REF!
Name BL3AA: #REF!
Name BL3AAA: #REF!
Name BL3B: #REF!
Name BL3BB: #REF!
Name BL3BBB: #REF!
Name BL3C: #REF!
Name BL3CC: #REF!
Name BL3CCC: #REF!
Name BL4A: #REF!
Name BL4AA: #REF!
Name BL4AAA: #REF!
Name BL4Afsdfd: '[1]Attach-3 (QR)'!#REF!
Name BL4B: #REF!
Name BL4BB: #REF!
Name BL4BBB: #REF!
Name BL4C: #REF!
Name BL4CC: #REF!
Name BL4CCC: #REF!
Name BL5A: #REF!
Name BL5AA: #REF!

Sheet Name of Bidder
B1: Diversion of following Lines to facilitate the construction of Railway BG line from Ginigera to Raichur by SWR,Hubli under Raichur TLM in SR-1 (Deposit work On Behalf of SWR): A) 400 kV RTPS-Munirabad S/C Line (Loc No: 147-151) B) 765 kV Raichur-Kurnool Ckt-01 S/C Line (Loc No: 305-308)
B2: SPEC. NO.: SR-I/C&M/WC-4740/2026/Rfx-xxx
B3: Enter the details of the bidder below:
B5: Specify type of Bidder | D5: Sole Bidder
B7: =IF(D5= "Joint Venture Bid", "Total Nos. of Partners in the JV [excluding the Lead Partner]", "") | D7: 2 or more
B9: =IF(G5=3, "Name of the Lead Partner", "Name of the Bidder") -> Name of the Bidder | E9: =ISBLANK(D9) -> TRUE
B10: Address of Registered Office | E10: =ISBLANK(D10) -> TRUE
E11: =ISBLANK(D11) -> TRUE
B14: email id | E14: =ISBLANK(D14) -> TRUE
B15: Mobile no. | E15: =ISBLANK(D15) -> TRUE
B16: Printed Name | E16: =ISBLANK(D16) -> TRUE
B17: Designation | E17: =ISBLANK(D17) -> TRUE
B19: Date | E19: =ISBLANK(D19) -> TRUE
B20: Place | E20: =ISBLANK(D20) -> TRUE | F20: =IF(COUNTIF(E11:E20,"TRUE"),"False","Sheet OK") -> False
D21: =IF(F20="False","ENTER DETAILS","Sheet OK") -> ENTER DETAILS
B23: ="General Instruction to the Bidders for filling up this workbook of Price Schedules for Package " & [5]Cover!C24 -> General Instruction to the Bidders for filling up this workbook of Price Schedules for Package
B25: I | C25: While filling up the worksheets following may please be observed :
C26: (i) | D26: Fill up only green shaded cells.
C27: (ii) | D27: Certain data type entries have been restricted, such as Numeric values or limits of numeric values.
C28: (iii) | D28: Select only the options provided in pull down menus.
C29: (iv) | D29: Do not link any cell of this work book with any other work book.
C30: (v) | D30: Do not use copy & paste or cut & paste options for filling up the data.
C31: (vi) | D31: Do not reformat any of the cell of the work book.
B33: II | C33: This Workbook consists of following worksheets :
C34: Cover :
D35: Opening page of the workbook.
C36: Names of Bidder :
C37: ● | D37: Select Orignal Equipment Manufacturer, or Authorised Dealer of Manufacturer, or Authorised Distributor of Manufacturer orAuthorised Indian Representative of Manufacturer from the pull down menu. Do not leave this cell blank.
C38: ● | D38: Select nos. of the JV Partners other than the Lead Partner from drop down menu.
C39: ● | D39: In case of JV partners more than 2, enter details of 3rd & more partners along with details of 2nd partner.
C40: ● | D40: Fill up names and address of the Bidder and /or Manufacturer
C41: ● | D41: Fill up date in dd-mm-yyyy format from drop down menu.
C42: ● | D42: Click for Sch-1 given at the right top of the worksheet to go to Sch-1.
C43: Sch-1 (Ex-works Prices) :
C44: ● | D44: Fill up unit rates for all the items in numeric values greater than 0 (zero). If unit rate is left blank, the corresponding item shall be deemed to be included in the total price.
C45: ● | D45: Unit rates of the items shall be inclusive of all duties, levies, cess etc. excluding GST. GST shall be applicable on transaction between Employer and Contractor. Employer will not pay any GST on transaction between Contractor and sub-vendors.
C46: ● | D46: Total amount shall get calculated automatically.
C48: Sch-1 (Freight & Insurance Charges) :
C49: ● | D49: Fill up unit rates for all the items in numeric values greater than 0 (zero). If unit rate is left blank, the corresponding item shall be deemed to be included in the total price.
C50: ● | D50: Total amount shall get calculated automatically.
C51: Sch-II (Service (Installation & commissioning) Charges) :
C52: ● | D52: Fill up unit rates for all the items in numeric values greater than 0 (zero). If unit rate is left blank, the corresponding item shall be deemed to be included in the total price.
C53: ● | D53: Total amount shall get calculated automatically.
C54: Sch-III (Summary) :
C55: ● | D55: Summary of Schedule 1 & Schedule 3 shall be displayed automatically.
C56: ● | D56: No cell is required to be filled in by the bidder in this worksheet.
B57: * * *
B58: Happy Bidding !

Sheet Attach 10
A1: =#REF! -> #REF! | E1: ATTACHMENT-10
A3: =#REF! -> #REF!
A5: Integrity Pact
A8: =#REF! -> #REF! | E8: =#REF! -> #REF!
A9: Name : | B9: =#REF! -> #REF! | E9: =#REF! -> #REF!
A10: Address : | B10: =#REF! -> #REF! | E10: =#REF! -> #REF!
B11: =#REF! -> #REF! | E11: =#REF! -> #REF!
B12: =#REF! -> #REF! | E12: =#REF! -> #REF!
A14: Dear Sir,
A16: Integrity Pact is annexed herewith this Volume.
A24: Date : | B24: ='Name of Bidder'!D19 -> 0 | D24: Printed Name : | E24: ='Name of Bidder'!D16 -> 0
A25: Place : | B25: ='Name of Bidder'!D20 -> 0 | D25: Designation : | E25: ='Name of Bidder'!D17 -> 0

Sheet Attach 10 IP
A1: Instruction for printing & submitting Integrity Pact
A2: 1. | B2: The requisite format of Integrity Pact is getting generated automatically and displayed here below.
A3: 2. | B3: Take print out of first page on a non-judicial stamp paper of Rs. 100/- and other seven pages on plain A4 size paper. Such two sets shall be prepared by the bidder.
A4: 3. | B4: All the pages of both the copies of the Integrity Pact shall be signed by the authorised representative of the bidder and duly stamped.
A5: 4. | B5: Both the original copies shall be submitted by the bidder in the form of Hard Copy as part of the first envelope before due date & time of submission of the bid.
A6: 5. | B6: For further details bidders may please refer ITB Clause 9.3 (n).
K30: ='Name of Bidder'!D9 -> 0
K31: ='Name of Bidder'!D10 -> 0
K32: ='Name of Bidder'!D11 -> 0
K33: ='Name of Bidder'!D12 -> 0
A35: INTEGRITY PACT
A36: Between | K36: ='Name of Bidder'!#REF! -> #REF! | O36: ='Name of Bidder'!#REF! -> #REF!
A37: Power Grid Corporation of India Limited | K37: ='Name of Bidder'!#REF! -> #REF! | O37: ='Name of Bidder'!#REF! -> #REF!
A38: having its Registered Office at B-9, Qutab Institutional Area, Katwaria Sarai, New Delhi – 110016 hereinafter referred to as | K38: ='Name of Bidder'!#REF! -> #REF! | O38: ='Name of Bidder'!#REF! -> #REF!
A39: "POWERGRID", | K39: ='Name of Bidder'!#REF! -> #REF! | O39: ='Name of Bidder'!#REF! -> #REF!
A40: and
A41: ='Name of Bidder'!D9 -> 0 | K41: ='Name of Bidder'!#REF! -> #REF! | M41: having its Registered Office at | P41: ,
A42: =IF(#REF! = "Individual Firm", " ", " and ") -> #REF!
A43: =IF(#REF!= "Individual Firm", "",#REF!) -> #REF!
A44: =IF(#REF!= "Sole Bidder", "", "having its Registered Office at "&IF(#REF!=1,#REF!&" "&#REF!&" "&#REF!,IF(#REF!=2,#REF!&" & "&#REF!&" "&#REF!&" and " &#REF!&" & "&#REF!&" "&#REF! &IF(#REF!=2," respectively","")))) -> #REF!
A45: hereinafter referred to as
A46: "The Bidder/Contractor"
A47: Preamble
A48: ="POWERGRID intends to award, under laid-down organisational procedures, contract(s) for " &#REF! -> #REF!
A51: (Signature) | E51: (Signature)
A52: (For & On behalf of POWERGRID) | E52: (For & On behalf of Bidder/ Contractor)
A53: Integrity Pact | I53: Page 1 of 8
A54: =#REF! & " Package and Specification Number " &#REF! & " POWERGRID values full compliance with all relevant laws and regulations, and the principles of economical use of resources, and of fairness and transparency in its relations with its Bidders/ Contractors." -> #REF!
A56: In order to achieve these goals, POWERGRID and the above named Bidder/Contractor enter into this agreement called 'Integrity Pact' which will form a part of the bid.
A58: It is hereby agreed by and between the parties as under:
A60: Section I - Commitments of POWERGRID
A62: (1) | B62: POWERGRID commits itself to take all measures necessary to prevent corruption and to observe the following principles :
B64: a) | C64: No employee of POWERGRID, personally or through family members, will in connection with the tender, or the execution of the contract, demand, take a promise for or accept, for him/herself or third person, any material or other benefit which he/she is not legally entitled to.
B66: b) | C66: POWERGRID will, during the tender process treat all Bidder(s) with equity and fairness. POWERGRID will in particular, before and during the tender process, provide to all Bidder(s) the same information and will not provide to any Bidder(s) confidential/ additional information through which the Bidder(s) could obtain an advantage in relation to the tender process or the contract execution.
B68: c) | C68: POWERGRID will exclude from evaluation of Bids its such employee(s) who has any personnel interest in the Companies/Agencies participating in the Bidding/Tendering process.
A70: (2) | B70: If Chairman and Managing Director obtains information on the conduct of any employee of POWERGRID which is a criminal offence under the relevant Anti-Corruption Laws of India, or if there be a substantive suspicion in this regard, he will inform its Chief Vigilance Officer and in addition can initiate disciplinary actions under its Rules.
A72: Section II - Commitments of the Bidder/Contractor
A74: (1) | B74: The Bidder/Contractor commits himself to take all measures necessary to prevent corruption. He commits himself to observe the following principles
A76: (Signature) | E76: (Signature)
A77: (For & On behalf of POWERGRID) | E77: (For & On behalf of Bidder/ Contractor)
A78: Integrity Pact | I78: Page 2 of 8
A79: during his participation in the tender process and during the contract execution :
B80: a) | C80: The Bidder/Contractor will not, directly or through any other person or firm, offer, promise or give to POWERGRID, or to any of POWERGRID's employees involved in the tender process or the execution of the contract or to any third person any material or other benefit which he/she is not legally entitled to, in order to obtain in exchange an advantage during the tender process or the execution of the contract.
B82: b) | C82: The Bidder/Contractor will not enter into any illegal agreement or understanding, whether formal or informal with other Bidders/Contractors. This applies in particular to prices, specifications, certifications, subsidiary contracts, submission or non-submission of bids or actions to restrict competitiveness or to introduce cartelization in the bidding process.
B84: c) | C84: The Bidder/Contractor will not commit any criminal offence under the relevant Anti-corruption Laws of India; further, the Bidder/Contractor will not use for illegitimate purposes or for purposes of restrictive competition or personal gain, or pass on to others, any information provided by POWERGRID as part of the business relationship, regarding plans, technical proposals and business details, including information contained or transmitted electronically.
B86: d) | C86: The Bidder/Contractor of foreign origin shall disclose the name and address of the Agents/representatives in India, if any, involved directly or indirectly in the Bidding. Similarly, the Bidder/Contractor of Indian Nationality shall furnish the name and address of the foreign principals, if any, involved directly or indirectly in the Bidding.
B88: e) | C88: The Bidder/Contractor will, when presenting his bid, disclose any and all payments he has made, or committed to or intends to make to agents, brokers or any other intermediaries in connection with the award of the contract and/or with the execution of the contract.
B90: f) | C90: The Bidder/Contractor will not misrepresent facts or furnish false/forged documents/informations in order to influence the bidding process or the execution of the contract to the detriment of POWERGRID.
A92: (2) | B92: The Bidder/Contractor will not instigate third persons to commit offences outlined above or be an accessory to such offences.
A94: (Signature) | E94: (Signature)
A95: (For & On behalf of POWERGRID) | E95: (For & On behalf of Bidder/ Contractor)
A96: Integrity Pact | I96: Page 3 of 8
A97: Section III- Disqualification from tender process and exclusion from future contracts
A99: (1) | B99: If the Bidder, before contract award, has committed a serious transgression through a violation of Section II or in any other form such as to put his reliability or credibility as Bidder into question, POWERGRID may disqualify the Bidder from the tender process or terminate the contract, if already signed, for such reason.
A101: (2) | B101: If the Bidder/Contractor has committed a serious transgression through a violation of Section II such as to put his reliability or credibility into question, POWERGRID may after following due procedures also exclude the Bidder/Contractor from future contract award processes. The imposition and duration of the exclusion will be determined by the severity of the transgression. The severity will be determined by the circumstances of the case, in particular the number of transgressions, the position of the transgressors within the company hierarchy of the Bidder/Contractor and the amount of the damage. The exclusion will be imposed for a minimum of 12 months and maximum of 3 years.
A103: (3) | B103: If the Bidder/Contractor can prove that he has restored/recouped the damage caused by him and has installed a suitable corruption prevention system, POWERGRID may revoke the exclusion prematurely.
A105: Section IV - Liability for violation of Integrity Pact
A107: (1) | B107: If POWERGRID has disqualified the Bidder from the tender process prior to the award under Section III, POWERGRID may forfeit the Bid Guarantee under the Bid.
A109: (2) | B109: If POWERGRID has terminated the contract under Section III, POWERGRID may forfeit the Contract Performance Guarantee of this contract besides resorting to other remedies under the contract.
A111: Section V- Previous Transgression
A113: (1) | B113: The Bidder shall declare in his Bid that no previous transgressions occurred in the last 3 years with any other Public Sector Undertaking or Government Department that could justify his exclusion from the tender process.
A116: (Signature) | E116: (Signature)
A117: (For & On behalf of POWERGRID) | E117: (For & On behalf of Bidder/ Contractor)
A118: Integrity Pact | I118: Page 4 of 8
A119: (2) | B119: If the Bidder makes incorrect statement on this subject, he can be disqualified from the tender process or the contract, if already awarded, can be terminated for such reason.
A121: Section VI - Equal treatment to all Bidders / Contractors
A123: (1) | B123: POWERGRID will enter into agreements with identical conditions as this one with all Bidders.
A125: (2) | B125: POWERGRID will disqualify from the tender process any bidder who does not sign this Pact or violate its provisions.
A127: Section VII - Punitive Action against violating Bidders / Contractors
A129: If POWERGRID obtains knowledge of conduct of a Bidder or a Contractor or his subcontractor or of an employee or a representative or an associate of a Bidder or Contractor or his Subcontractor which constitutes corruption, or if POWERGRID has substantive suspicion in this regard, POWERGRID will inform the Chief Vigilance Officer (CVO).
A131: (*)Section VIII - Independent External Monitor/Monitors
A133: (1) | B133: POWERGRID has appointed a panel of Independent External Monitors (IEMs) for this Pact with the approval of Central Vigilance Commission (CVC), Government of India, out of which one of the IEMs has been indicated in the NIT/IFB.
A135: (2) | B135: The IEM is to review independently and objectively, whether and to what extent the parties comply with the obligations under this agreement. He has right of access to all project documentation. The IEM may examine any complaint received by him and submit a report to Chairman-cum-Managing Director, POWERGRID, at the earliest. He may also submit a report directly to the CVO and the CVC, in case of suspicion of serious irregularities attracting the provisions of the PC Act. However, for ensuring the desired transparency and objectivity in dealing with the complaints arising out of any tendering process, the matter shall be referred to the full panel of IEMs, who would examine the records, conduct the investigations and submit report to Chairman-cum-Managing Director, POWERGRID, giving joint findings.
A138: (Signature) | E138: (Signature)
A139: (For & On behalf of POWERGRID) | E139: (For & On behalf of Bidder/ Contractor)
A140: Integrity Pact | I140: Page 5 of 8
A141: (3) | B141: The IEM is not subject to instructions by the representatives of the parties and performs his functions neutrally and independently. He reports to the Chairman-cum-Managing Director, POWERGRID.
A143: (4) | B143: The Bidder(s)/Contractor(s) accepts that the IEM has the right to access without restriction to all documentation of POWERGRID related to this contract including that provided by the Contractor/Bidder. The Bidder/Contractor will also grant the IEM, upon his request and demonstration of a valid interest, unrestricted and unconditional access to his documentation. The same is applicable to Subcontractors. The IEM is under contractual obligation to treat the information and documents of the Bidder(s)/Contractor(s)/Subcontractor(s) with confidentiality.
A145: (5) | B145: POWERGRID will provide to the IEM information as sought by him which could have an impact on the contractual relations between POWERGRID and the Bidder/Contractor related to this contract.
A148: (6) | B148: As soon as the IEM notices, or believes to notice, a violation of this agreement, he will so inform the Chairman-cum-Managing Director, POWERGRID and request the Chairman-cum-Managing Director, POWERGRID to discontinue or take corrective action, or to take other relevant action. The IEM can in this regard submit non-binding recommendations. Beyond this, the IEM has no right to demand from the parties that they act in a specific manner, refrain from action or tolerate action. However, the IEM shall give an opportunity to POWERGRID and the Bidder/Contractor, as deemed fit, to present its case before making its recommendations to POWERGRID.
A150: (7) | B150: The IEM will submit a written report to the Chairman-cum-Managing Director, POWERGRID within 8 to 10 weeks from the date of reference or intimation to him by POWERGRID and, should the occasion arise, submit proposals for correcting problematic situations.
A152: (8) | B152: If the IEM has reported to the Chairman-cum-Managing Director, POWERGRID, a substantiated suspicion of an offence under relevant Anti-Corruption Laws of India, and the Chairman-cum-Managing Director, POWERGRID has not, within the reasonable time taken visible action to proceed against such offence or reported it to the CVO, the Monitor may also transmit this information directly to the CVC, Government of India.
A155: (Signature) | E155: (Signature)
A156: (For & On behalf of POWERGRID) | E156: (For & On behalf of Bidder/ Contractor)
A157: Integrity Pact | I157: Page 6 of 8
A158: (9) | B158: The word ‘IEM’ would include both singular and plural.
A160: (*) | B160: This Section shall be applicable for only those packages wherein the IEMs have been identified in Section – I : Invitation for Bids and/or Clause ITB 9.3 in Section – III: Bid Data Sheets of Conditions of Contract, Volume-I of the Bidding Documents.
A162: Section IX - Pact Duration
A164: This Pact begins when both parties have legally signed it. It expires for the Contractor after the closure of the contract and for all other Bidder's six month after the contract has been awarded.
A166: Section X - Other Provisions
A168: (1) | B168: This agreement is subject to Indian Law. Place of performance and jurisdiction is the establishment of POWERGRID. The Arbitration clause provided in the main tender document / contract shall not be applicable for any issue / dispute arising under Integrity Pact.
A170: (2) | B170: Changes and supplements as well as termination notices need to be made in writing.
A173: (3) | B173: If the Contractor is a partnership firm or a consortium or Joint Venture, this agreement must be signed by all partners, consortium members and Joint Venture partners.
A175: (4) | B175: Nothing in this agreement shall affect the rights of the parties available under the General Conditions of Contract (GCC) and Special Conditions of Contract (SCC).
A177: (5) | B177: Views expressed or suggestions/submissions made by the parties and the recommendations of the CVO/IEM# in respect of the violation of this agreement, shall not be relied on or introduced as evidence in the arbitral or judicial proceedings (arising out of the arbitral proceedings) by the parties in connection with the disputes/differences arising out of the subject contract.
A179: # | B179: CVO shall be applicable for packages wherein IEM are not identified in Section IFB/BDS of Condition of Contract, Volume-I. IEM shall be applicable for packages wherein IEM are identified in Section IFB/BDS of Condition of Contract, Volume-I.
A182: (Signature) | E182: (Signature)
A183: (For & On behalf of POWERGRID) | E183: (For & On behalf of Bidder/ Contractor)
A184: Integrity Pact | I184: Page 7 of 8
A185: (6) | B185: Should one or several provisions of this agreement turn out to be invalid, the remainder of this agreement remains valid. In this case, the parties will strive to come to an agreement to their original intentions.
...

Sheet N-W (Cr.)
U2: USD
A3: 155885 | F3: 4960 | K3: 10352 | P3: 691647 | U3: EURO
U4: RMB
U5: INR
A6: =IF(OR((A3>9999999999),(A3<0)),"Invalid Entry - More than 1000 crore OR -ve value",IF(A3=0, "",+CONCATENATE(U2,B13,D13,B12,D12,B11,D11,B10,D10,B9,D9,B8," Only"))) -> USD One Lac Fifty Five Thousand Eight Hundred Eighty Five Only | F6: =IF(OR((F3>9999999999),(F3<0)),"Invalid Entry - More than 1000 crore OR -ve value",IF(F3=0, "",+CONCATENATE(U3, G13,I13,G12,I12,G11,I11,G10,I10,G9,I9,G8," Only"))) -> EURO Four Thousand Nine Hundred Sixty Only | K6: =IF(OR((K3>9999999999),(K3<0)),"Invalid Entry - More than 1000 crore OR -ve value",IF(K3=0, "",+CONCATENATE(U4, L13,N13,L12,N12,L11,N11,L10,N10,L9,N9,L8," Only"))) -> RMB Ten Thousand Three Hundred Fifty Two Only | P6: =IF(OR((P3>9999999999),(P3<0)),"Invalid Entry - More than 1000 crore OR -ve value",IF(P3=0, "",+CONCATENATE(U5, Q13,S13,Q12,S12,Q11,S11,Q10,S10,Q9,S9,Q8," Only"))) -> INR Six Lac Ninety One Thousand Six Hundred Forty Seven Only | U6: =VLOOKUP(1,T30:Y45,6,FALSE) -> USD 155885/- + EURO 4960/- + RMB 10352/- + INR 691647/-
U7: =VLOOKUP(1,T10:Y25,6,FALSE) -> USD One Lac Fifty Five Thousand Eight Hundred Eighty Five Only plus EURO Four Thousand Nine Hundred Sixty Only plus RMB Ten Thousand Three Hundred Fifty Two Only plus INR Six Lac Ninety One Thousand Six Hundred Forty Seven Only
A8: =-INT(A3/100)*100+ROUND(A3,0) -> 85 | B8: =IF(A8=0,"",LOOKUP(A8,$A$15:$A$114,$B$15:$B$114)) -> Eighty Five | F8: =-INT(F3/100)*100+ROUND(F3,0) -> 60 | G8: =IF(F8=0,"",LOOKUP(F8,$A$15:$A$114,$B$15:$B$114)) -> Sixty | K8: =-INT(K3/100)*100+ROUND(K3,0) -> 52 | L8: =IF(K8=0,"",LOOKUP(K8,$A$15:$A$114,$B$15:$B$114)) -> Fifty Two | P8: =-INT(P3/100)*100+ROUND(P3,0) -> 47 | Q8: =IF(P8=0,"",LOOKUP(P8,$A$15:$A$114,$B$15:$B$114)) -> Forty Seven
A9: =-INT(A3/1000)*10+INT(A3/100) -> 8 | B9: =IF(A9=0,"",LOOKUP(A9,$A$15:$A$114,$B$15:$B$114)) -> Eight | D9: =+IF(B9="",""," Hundred ") -> Hundred | F9: =-INT(F3/1000)*10+INT(F3/100) -> 9 | G9: =IF(F9=0,"",LOOKUP(F9,$A$15:$A$114,$B$15:$B$114)) -> Nine | I9: =+IF(G9="",""," Hundred ") -> Hundred | K9: =-INT(K3/1000)*10+INT(K3/100) -> 3 | L9: =IF(K9=0,"",LOOKUP(K9,$A$15:$A$114,$B$15:$B$114)) -> Three | N9: =+IF(L9="",""," Hundred ") -> Hundred | P9: =-INT(P3/1000)*10+INT(P3/100) -> 6 | Q9: =IF(P9=0,"",LOOKUP(P9,$A$15:$A$114,$B$15:$B$114)) -> Six | S9: =+IF(Q9="",""," Hundred ") -> Hundred
A10: =-INT(A3/100000)*100+INT(A3/1000) -> 55 | B10: =IF(A10=0,"",LOOKUP(A10,$A$15:$A$114,$B$15:$B$114)) -> Fifty Five | D10: =IF((B10=""),IF(C10="",""," Thousand ")," Thousand ") -> Thousand | F10: =-INT(F3/100000)*100+INT(F3/1000) -> 4 | G10: =IF(F10=0,"",LOOKUP(F10,$A$15:$A$114,$B$15:$B$114)) -> Four | I10: =IF((G10=""),IF(H10="",""," Thousand ")," Thousand ") -> Thousand | K10: =-INT(K3/100000)*100+INT(K3/1000) -> 10 | L10: =IF(K10=0,"",LOOKUP(K10,$A$15:$A$114,$B$15:$B$114)) -> Ten | N10: =IF((L10=""),IF(M10="",""," Thousand ")," Thousand ") -> Thousand | P10: =-INT(P3/100000)*100+INT(P3/1000) -> 91 | Q10: =IF(P10=0,"",LOOKUP(P10,$A$15:$A$114,$B$15:$B$114)) -> Ninety One | S10: =IF((Q10=""),IF(R10="",""," Thousand ")," Thousand ") -> Thousand | T10: =IF(Y10="",0, 1) -> 0 | U10: 0 | V10: 0 | W10: 0 | X10: 0 | Y10: =IF(AND($A$3=0,$F$3=0,$K$3=0,$P$3=0)," Zero only", "") | AA10: plus
A11: =-INT(A3/10000000)*100+INT(A3/100000) -> 1 | B11: =IF(A11=0,"",LOOKUP(A11,$A$15:$A$114,$B$15:$B$114)) -> One | D11: =IF((B11=""),IF(C11="",""," Lac ")," Lac ") -> Lac | F11: =-INT(F3/10000000)*100+INT(F3/100000) -> 0 | G11: =IF(F11=0,"",LOOKUP(F11,$A$15:$A$114,$B$15:$B$114)) | I11: =IF((G11=""),IF(H11="",""," Lac ")," Lac ") | K11: =-INT(K3/10000000)*100+INT(K3/100000) -> 0 | L11: =IF(K11=0,"",LOOKUP(K11,$A$15:$A$114,$B$15:$B$114)) | N11: =IF((L11=""),IF(M11="",""," Lac ")," Lac ") | P11: =-INT(P3/10000000)*100+INT(P3/100000) -> 6 | Q11: =IF(P11=0,"",LOOKUP(P11,$A$15:$A$114,$B$15:$B$114)) -> Six | S11: =IF((Q11=""),IF(R11="",""," Lac ")," Lac ") -> Lac | T11: =IF(Y11="",0, 1) -> 0 | U11: 0 | V11: 0 | W11: 0 | X11: 1 | Y11: =IF(AND($A$3=0,$F$3=0,$K$3=0,$P$3>0),$P$6, "")
A12: =-INT(A3/1000000000)*100+INT(A3/10000000) -> 0 | B12: =IF(A12=0,"",LOOKUP(A12,$A$15:$A$114,$B$15:$B$114)) | D12: =IF((B12=""),IF(C12="",""," Crore ")," Crore ") | F12: =-INT(F3/1000000000)*100+INT(F3/10000000) -> 0 | G12: =IF(F12=0,"",LOOKUP(F12,$A$15:$A$114,$B$15:$B$114)) | I12: =IF((G12=""),IF(H12="",""," Crore ")," Crore ") | K12: =-INT(K3/1000000000)*100+INT(K3/10000000) -> 0 | L12: =IF(K12=0,"",LOOKUP(K12,$A$15:$A$114,$B$15:$B$114)) | N12: =IF((L12=""),IF(M12="",""," Crore ")," Crore ") | P12: =-INT(P3/1000000000)*100+INT(P3/10000000) -> 0 | Q12: =IF(P12=0,"",LOOKUP(P12,$A$15:$A$114,$B$15:$B$114)) | S12: =IF((Q12=""),IF(R12="",""," Crore ")," Crore ") | T12: =IF(Y12="",0, 1) -> 0 | U12: 0 | V12: 0 | W12: 1 | X12: 0 | Y12: =IF(AND($A$3=0,$F$3=0,$K$3>0,$P$3=0),$K$6, "")
A13: =-INT(A3/10000000000)*1000+INT(A3/1000000000) -> 0 | B13: =IF(A13=0,"",LOOKUP(A13,$A$15:$A$114,$B$15:$B$114)) | D13: =IF((B13=""),IF(C13="",""," Hundred ")," Hundred ") | F13: =-INT(F3/10000000000)*1000+INT(F3/1000000000) -> 0 | G13: =IF(F13=0,"",LOOKUP(F13,$A$15:$A$114,$B$15:$B$114)) | I13: =IF((G13=""),IF(H13="",""," Hundred ")," Hundred ") | K13: =-INT(K3/10000000000)*1000+INT(K3/1000000000) -> 0 | L13: =IF(K13=0,"",LOOKUP(K13,$A$15:$A$114,$B$15:$B$114)) | N13: =IF((L13=""),IF(M13="",""," Hundred ")," Hundred ") | P13: =-INT(P3/10000000000)*1000+INT(P3/1000000000) -> 0 | Q13: =IF(P13=0,"",LOOKUP(P13,$A$15:$A$114,$B$15:$B$114)) | S13: =IF((Q13=""),IF(R13="",""," Hundred ")," Hundred ") | T13: =IF(Y13="",0, 1) -> 0 | U13: 0 | V13: 0 | W13: 1 | X13: 1 | Y13: =IF(AND($A$3=0,$F$3=0,$K$3>0,$P$3>0),$K$6&$AA$10&$P$6, "")
T14: =IF(Y14="",0, 1) -> 0 | U14: 0 | V14: 1 | W14: 0 | X14: 0 | Y14: =IF(AND($A$3=0,$F$3>0,$K$3=0,$P$3=0),$F$6, "")
A15: 1 | B15: One | F15: 1 | G15: One | K15: 1 | L15: One | P15: 1 | Q15: One | T15: =IF(Y15="",0, 1) -> 0 | U15: 0 | V15: 1 | W15: 0 | X15: 1 | Y15: =IF(AND($A$3=0,$F$3>0,$K$3=0,$P$3>0),$F$6&$AA$10&$P$6, "")
A16: 2 | B16: Two | F16: 2 | G16: Two | K16: 2 | L16: Two | P16: 2 | Q16: Two | T16: =IF(Y16="",0, 1) -> 0 | U16: 0 | V16: 1 | W16: 1 | X16: 0 | Y16: =IF(AND($A$3=0,$F$3>0,$K$3>0,$P$3=0),$F$6&$AA$10&$K$6, "")
A17: 3 | B17: Three | F17: 3 | G17: Three | K17: 3 | L17: Three | P17: 3 | Q17: Three | T17: =IF(Y17="",0, 1) -> 0 | U17: 0 | V17: 1 | W17: 1 | X17: 1 | Y17: =IF(AND($A$3=0,$F$3>0,$K$3>0,$P$3>0),$F$6&$AA$10&$K$6&$AA$10&$P$6, "")
A18: 4 | B18: Four | F18: 4 | G18: Four | K18: 4 | L18: Four | P18: 4 | Q18: Four | T18: =IF(Y18="",0, 1) -> 0 | U18: 1 | V18: 0 | W18: 0 | X18: 0 | Y18: =IF(AND($A$3>0,$F$3=0,$K$3=0,$P$3=0), $A$6, "")
A19: 5 | B19: Five | F19: 5 | G19: Five | K19: 5 | L19: Five | P19: 5 | Q19: Five | T19: =IF(Y19="",0, 1) -> 0 | U19: 1 | V19: 0 | W19: 0 | X19: 1 | Y19: =IF(AND($A$3>0,$F$3=0,$K$3=0,$P$3>0),$A$6&$AA$10&$P$6, "")
A20: 6 | B20: Six | F20: 6 | G20: Six | K20: 6 | L20: Six | P20: 6 | Q20: Six | T20: =IF(Y20="",0, 1) -> 0 | U20: 1 | V20: 0 | W20: 1 | X20: 0 | Y20: =IF(AND($A$3>0,$F$3=0,$K$3>0,$P$3=0),$A$6&$AA$10&$K$6, "")
A21: 7 | B21: Seven | F21: 7 | G21: Seven | K21: 7 | L21: Seven | P21: 7 | Q21: Seven | T21: =IF(Y21="",0, 1) -> 0 | U21: 1 | V21: 0 | W21: 1 | X21: 1 | Y21: =IF(AND($A$3>0,$F$3=0,$K$3>0,$P$3>0),$A$6&$AA$10&$K$6&$AA$10&$P$6, "")
A22: 8 | B22: Eight | F22: 8 | G22: Eight | K22: 8 | L22: Eight | P22: 8 | Q22: Eight | T22: =IF(Y22="",0, 1) -> 0 | U22: 1 | V22: 1 | W22: 0 | X22: 0 | Y22: =IF(AND($A$3>0,$F$3>0,$K$3=0,$P$3=0),$A$6&$AA$10&$F$6, "")
A23: 9 | B23: Nine | F23: 9 | G23: Nine | K23: 9 | L23: Nine | P23: 9 | Q23: Nine | T23: =IF(Y23="",0, 1) -> 0 | U23: 1 | V23: 1 | W23: 0 | X23: 1 | Y23: =IF(AND($A$3>0,$F$3>0,$K$3=0,$P$3>0),$A$6&$AA$10&$F$6&$AA$10&$P$6, "")
A24: 10 | B24: Ten | F24: 10 | G24: Ten | K24: 10 | L24: Ten | P24: 10 | Q24: Ten | T24: =IF(Y24="",0, 1) -> 0 | U24: 1 | V24: 1 | W24: 1 | X24: 0 | Y24: =IF(AND($A$3>0,$F$3>0,$K$3>0,$P$3=0),$A$6&$AA$10&$F$6&$AA$10&$K$6, "")
A25: 11 | B25: Eleven | F25: 11 | G25: Eleven | K25: 11 | L25: Eleven | P25: 11 | Q25: Eleven | T25: =IF(Y25="",0, 1) -> 1 | U25: 1 | V25: 1 | W25: 1 | X25: 1 | Y25: =IF(AND($A$3>0,$F$3>0,$K$3>0,$P$3>0),$A$6&$AA$10&$F$6&$AA$10&$K$6&$AA$10&$P$6, "") -> USD One Lac Fifty Five Thousand Eight Hundred Eighty Five Only plus EURO Four Thousand Nine Hundred Sixty Only plus RMB Ten Thousand Three Hundred Fifty Two Only plus INR Six Lac Ninety One Thousand Six Hundred Forty Seven Only
A26: 12 | B26: Twelve | F26: 12 | G26: Twelve | K26: 12 | L26: Twelve | P26: 12 | Q26: Twelve
A27: 13 | B27: Thirteen | F27: 13 | G27: Thirteen | K27: 13 | L27: Thirteen | P27: 13 | Q27: Thirteen
A28: 14 | B28: Fourteen | F28: 14 | G28: Fourteen | K28: 14 | L28: Fourteen | P28: 14 | Q28: Fourteen
A29: 15 | B29: Fifteen | F29: 15 | G29: Fifteen | K29: 15 | L29: Fifteen | P29: 15 | Q29: Fifteen
A30: 16 | B30: Sixteen | F30: 16 | G30: Sixteen | K30: 16 | L30: Sixteen | P30: 16 | Q30: Sixteen | T30: =IF(Y30="",0, 1) -> 0 | U30: 0 | V30: 0 | W30: 0 | X30: 0 | Y30: =IF(AND($A$3=0,$F$3=0,$K$3=0,$P$3=0)," 0/-", "") | AA30: +
A31: 17 | B31: Seventeen | F31: 17 | G31: Seventeen | K31: 17 | L31: Seventeen | P31: 17 | Q31: Seventeen | T31: =IF(Y31="",0, 1) -> 0 | U31: 0 | V31: 0 | W31: 0 | X31: 1 | Y31: =IF(AND($A$3=0,$F$3=0,$K$3=0,$P$3>0),$U$5&$P$3&$AA$32, "") | AA31: /- +
A32: 18 | B32: Eighteen | F32: 18 | G32: Eighteen | K32: 18 | L32: Eighteen | P32: 18 | Q32: Eighteen | T32: =IF(Y32="",0, 1) -> 0 | U32: 0 | V32: 0 | W32: 1 | X32: 0 | Y32: =IF(AND($A$3=0,$F$3=0,$K$3>0,$P$3=0),$U$4&$K$3&$AA$32, "") | AA32: /-
A33: 19 | B33: Nineteen | F33: 19 | G33: Nineteen | K33: 19 | L33: Nineteen | P33: 19 | Q33: Nineteen | T33: =IF(Y33="",0, 1) -> 0 | U33: 0 | V33: 0 | W33: 1 | X33: 1 | Y33: =IF(AND($A$3=0,$F$3=0,$K$3>0,$P$3>0),$U$4&$K$3&$AA$31&$U$5&$P$3&$AA$32, "")
A34: 20 | B34: Twenty | F34: 20 | G34: Twenty | K34: 20 | L34: Twenty | P34: 20 | Q34: Twenty | T34: =IF(Y34="",0, 1) -> 0 | U34: 0 | V34: 1 | W34: 0 | X34: 0 | Y34: =IF(AND($A$3=0,$F$3>0,$K$3=0,$P$3=0),$U$3&$F$3&$AA$32, "")
A35: 21 | B35: Twenty One | F35: 21 | G35: Twenty One | K35: 21 | L35: Twenty One | P35: 21 | Q35: Twenty One | T35: =IF(Y35="",0, 1) -> 0 | U35: 0 | V35: 1 | W35: 0 | X35: 1 | Y35: =IF(AND($A$3=0,$F$3>0,$K$3=0,$P$3>0),$U$3&$F$3&$AA$31&$U$5&$P$3&$AA$32, "")
A36: 22 | B36: Twenty Two | F36: 22 | G36: Twenty Two | K36: 22 | L36: Twenty Two | P36: 22 | Q36: Twenty Two | T36: =IF(Y36="",0, 1) -> 0 | U36: 0 | V36: 1 | W36: 1 | X36: 0 | Y36: =IF(AND($A$3=0,$F$3>0,$K$3>0,$P$3=0),$U$3&$F$3&$AA$31&$U$4&$K$3, "")
A37: 23 | B37: Twenty Three | F37: 23 | G37: Twenty Three | K37: 23 | L37: Twenty Three | P37: 23 | Q37: Twenty Three | T37: =IF(Y37="",0, 1) -> 0 | U37: 0 | V37: 1 | W37: 1 | X37: 1 | Y37: =IF(AND($A$3=0,$F$3>0,$K$3>0,$P$3>0),$U$3&$F$3&$AA$31&$U$4&$K$3&$AA$31&$U$5&$P$3&$AA$32, "")
A38: 24 | B38: Twenty Four | F38: 24 | G38: Twenty Four | K38: 24 | L38: Twenty Four | P38: 24 | Q38: Twenty Four | T38: =IF(Y38="",0, 1) -> 0 | U38: 1 | V38: 0 | W38: 0 | X38: 0 | Y38: =IF(AND($A$3>0,$F$3=0,$K$3=0,$P$3=0), $U$2&$A$3&$AA$32, "")
A39: 25 | B39: Twenty Five | F39: 25 | G39: Twenty Five | K39: 25 | L39: Twenty Five | P39: 25 | Q39: Twenty Five | T39: =IF(Y39="",0, 1) -> 0 | U39: 1 | V39: 0 | W39: 0 | X39: 1 | Y39: =IF(AND($A$3>0,$F$3=0,$K$3=0,$P$3>0),$U$2&$A$3&$AA$31&$U$5&$P$3&$AA$32, "")
A40: 26 | B40: Twenty Six | F40: 26 | G40: Twenty Six | K40: 26 | L40: Twenty Six | P40: 26 | Q40: Twenty Six | T40: =IF(Y40="",0, 1) -> 0 | U40: 1 | V40: 0 | W40: 1 | X40: 0 | Y40: =IF(AND($A$3>0,$F$3=0,$K$3>0,$P$3=0),$U$2&$A$3&$AA$31&$U$4&$K$3, "")
A41: 27 | B41: Twenty Seven | F41: 27 | G41: Twenty Seven | K41: 27 | L41: Twenty Seven | P41: 27 | Q41: Twenty Seven | T41: =IF(Y41="",0, 1) -> 0 | U41: 1 | V41: 0 | W41: 1 | X41: 1 | Y41: =IF(AND($A$3>0,$F$3=0,$K$3>0,$P$3>0),$U$2&$A$3&$AA$31&$U$4&$K$3&$AA$31&$U$5&$P$3&$AA$32, "")
A42: 28 | B42: Twenty Eight | F42: 28 | G42: Twenty Eight | K42: 28 | L42: Twenty Eight | P42: 28 | Q42: Twenty Eight | T42: =IF(Y42="",0, 1) -> 0 | U42: 1 | V42: 1 | W42: 0 | X42: 0 | Y42: =IF(AND($A$3>0,$F$3>0,$K$3=0,$P$3=0),$U$2&$A$3&$AA$31&$U$3&$F$3, "")
A43: 29 | B43: Twenty Nine | F43: 29 | G43: Twenty Nine | K43: 29 | L43: Twenty Nine | P43: 29 | Q43: Twenty Nine | T43: =IF(Y43="",0, 1) -> 0 | U43: 1 | V43: 1 | W43: 0 | X43: 1 | Y43: =IF(AND($A$3>0,$F$3>0,$K$3=0,$P$3>0),$U$2&$A$3&$AA$31&$U$3&$F$3&$AA$31&$U$5&$P$3&$AA$32, "")
A44: 30 | B44: Thirty | F44: 30 | G44: Thirty | K44: 30 | L44: Thirty | P44: 30 | Q44: Thirty | T44: =IF(Y44="",0, 1) -> 0 | U44: 1 | V44: 1 | W44: 1 | X44: 0 | Y44: =IF(AND($A$3>0,$F$3>0,$K$3>0,$P$3=0),$U$2&$A$3&$AA$31&$U$3&$F$3&$AA$31&$U$4&$K$3, "")
A45: 31 | B45: Thirty One | F45: 31 | G45: Thirty One | K45: 31 | L45: Thirty One | P45: 31 | Q45: Thirty One | T45: =IF(Y45="",0, 1) -> 1 | U45: 1 | V45: 1 | W45: 1 | X45: 1 | Y45: =IF(AND($A$3>0,$F$3>0,$K$3>0,$P$3>0),$U$2&$A$3&$AA$31&$U$3&$F$3&$AA$31&$U$4&$K$3&$AA$31&$U$5&$P$3&$AA$32, "") -> USD 155885/- + EURO 4960/- + RMB 10352/- + INR 691647/-
A46: 32 | B46: Thirty Two | F46: 32 | G46: Thirty Two | K46: 32 | L46: Thirty Two | P46: 32 | Q46: Thirty Two
A47: 33 | B47: Thirty Three | F47: 33 | G47: Thirty Three | K47: 33 | L47: Thirty Three | P47: 33 | Q47: Thirty Three
A48: 34 | B48: Thirty Four | F48: 34 | G48: Thirty Four | K48: 34 | L48: Thirty Four | P48: 34 | Q48: Thirty Four
A49: 35 | B49: Thirty Fivr | F49: 35 | G49: Thirty Fivr | K49: 35 | L49: Thirty Fivr | P49: 35 | Q49: Thirty Fivr
A50: 36 | B50: Thirty Six | F50: 36 | G50: Thirty Six | K50: 36 | L50: Thirty Six | P50: 36 | Q50: Thirty Six
A51: 37 | B51: Thirty Seven | F51: 37 | G51: Thirty Seven | K51: 37 | L51: Thirty Seven | P51: 37 | Q51: Thirty Seven
A52: 38 | B52: Thirty Eight | F52: 38 | G52: Thirty Eight | K52: 38 | L52: Thirty Eight | P52: 38 | Q52: Thirty Eight
A53: 39 | B53: Thirty Nine | F53: 39 | G53: Thirty Nine | K53: 39 | L53: Thirty Nine | P53: 39 | Q53: Thirty Nine
A54: 40 | B54: Forty | F54: 40 | G54: Forty | K54: 40 | L54: Forty | P54: 40 | Q54: Forty
A55: 41 | B55: Forty One | F55: 41 | G55: Forty One | K55: 41 | L55: Forty One | P55: 41 | Q55: Forty One
A56: 42 | B56: Forty Two | F56: 42 | G56: Forty Two | K56: 42 | L56: Forty Two | P56: 42 | Q56: Forty Two
A57: 43 | B57: Forty Three | F57: 43 | G57: Forty Three | K57: 43 | L57: Forty Three | P57: 43 | Q57: Forty Three
... A114: 100 | B114: One Hundred | F114: 100 | G114: One Hundred | K114: 100 | L114: One Hundred | P114: 100 | Q114: One Hundred
A120: BG VALUE:
A122: =#REF! -> #REF!
A124: =#REF! -> #REF!
A127: =IF(OR((A124>9999999999),(A124<0)),"Invalid Entry - More than 1000 crore OR -ve value",IF(A124=0, "",+CONCATENATE(A122," ", U123,B134,D134,B133,D133,B132,D132,B131,D131,B130,D130,B129," Only"))) -> #REF!
A129: =-INT(A124/100)*100+ROUND(A124,0) -> #REF! | B129: =IF(A129=0,"",LOOKUP(A129,$A$15:$A$114,$B$15:$B$114)) -> #REF!
A130: =-INT(A124/1000)*10+INT(A124/100) -> #REF! | B130: =IF(A130=0,"",LOOKUP(A130,$A$15:$A$114,$B$15:$B$114)) -> #REF! | D130: =+IF(B130="",""," Hundred ") -> #REF!
A131: =-INT(A124/100000)*100+INT(A124/1000) -> #REF! | B131: =IF(A131=0,"",LOOKUP(A131,$A$15:$A$114,$B$15:$B$114)) -> #REF! | D131: =IF((B131=""),IF(C131="",""," Thousand ")," Thousand ") -> #REF!
A132: =-INT(A124/10000000)*100+INT(A124/100000) -> #REF! | B132: =IF(A132=0,"",LOOKUP(A132,$A$15:$A$114,$B$15:$B$114)) -> #REF! | D132: =IF((B132=""),IF(C132="",""," Lac ")," Lac ") -> #REF!
A133: =-INT(A124/1000000000)*100+INT(A124/10000000) -> #REF! | B133: =IF(A133=0,"",LOOKUP(A133,$A$15:$A$114,$B$15:$B$114)) -> #REF! | D133: =IF((B133=""),IF(C133="",""," Crore ")," Crore ") -> #REF!
A134: =-INT(A124/10000000000)*1000+INT(A124/1000000000) -> #REF! | B134: =IF(A134=0,"",LOOKUP(A134,$A$15:$A$114,$B$15:$B$114)) -> #REF! | D134: =IF((B134=""),IF(C134="",""," Hundred ")," Hundred ") -> #REF!
A136: 1 | B136: One
A137: 2 | B137: Two
A138: 3 | B138: Three
A139: 4 | B139: Four
A140: 5 | B140: Five
A141: 6 | B141: Six
A142: 7 | B142: Seven
A143: 8 | B143: Eight
A144: 9 | B144: Nine
A145: 10 | B145: Ten
A146: 11 | B146: Eleven
A147: 12 | B147: Twelve
... A235: 100 | B235: One Hundred

Sheet Schedule-I
A1: ='Name of Bidder'!B1 -> Diversion of following Lines to facilitate the construction of Railway BG line from Ginigera to Raichur by SWR,Hubli under Raichur TLM in SR-1 (Deposit work On Behalf of SWR): A) 400 kV RTPS-Munirabad S/C Line (Loc No: 147-151) B) 765 kV Raichur-Kurnool Ckt-01 S/C Line (Loc No: 305-308)
A2: Schedule-I: Ex-Works Supply of Plant and Machinery including Freight and Insurance from within India
A3: Bidder’s Name | D3: ='Name of Bidder'!D9 -> 0 | J3: To:
A4: Address : | D4: ='Name of Bidder'!D10 -> 0 | J4: Contract Services
D5: ='Name of Bidder'!D11 -> 0 | J5: Power Grid Corporation of India Ltd.,
D6: ='Name of Bidder'!D12 -> 0 | J6: Southern Region Transmission system -I
J7: Kavadiguda Main Raod, Secunderabad - 500080
A8: Sl. No. | B8: Service Number | C8: SAC Code | D8: Whether SAC in column ‘2’ is confirmed. If not indicate applicable the SAC # | E8: Rate of GST applicable ( in %) | F8: Whether rate of GST in column ‘4’ is confirmed. If not indicate applicable rate of GST # | G8: Description (Supply of Items) | H8: Unit | I8: Quantity | J8: Unit Ex-works Price (excl GST) | K8: Unit F&I charges (incl GST) | L8: Total Ex-works Price (excl GST) | M8: Total F&I charges (incl GST) | N8: GST on EX-works Price | O8: Remarks
A9: 1 | C9: 2 | D9: 3 | E9: 2 | F9: 3 | G9: 4 | H9: 5 | I9: 6 | J9: 7 | K9: 8 | L9: 9 = 6 * 7 | M9: 10 = 6 * 8 | N9: 11 = Appl GST% on sl. No. 9
A10: A | G10: Part-A: 400kV RTPS-Munirabad S/C Line (A)
D11: NORMAL TOWERS | G11: NORMAL TOWERS
G12: Fabrication, galvanising & supply of various types of towers & tower parts, tower/leg extensions (complete) excluding stubs and bolts & nuts but including hangers, D-Shackles, pack washers etc.
A13: 1 | D13: HT Steel | E13: 0.18 | G13: HT Steel | H13: MT | I13: 14.064 | L13: =ROUND(J13*I13,2) -> 0 | M13: =ROUND(K13*I13,2) -> 0 | N13: =ROUND(IF(F13="",L13*E13,L13*F13),2) -> 0 | O13: =IF(#REF!<>#REF!,IF(OR(J13="",J13=0),"Included in other item",""),"") -> #REF!
A14: 2 | D14: MS Steel | E14: 0.18 | G14: MS Steel | H14: MT | I14: 49.703 | L14: =ROUND(J14*I14,2) -> 0 | M14: =ROUND(K14*I14,2) -> 0 | N14: =ROUND(IF(F14="",L14*E14,L14*F14),2) -> 0 | O14: =IF(#REF!<>#REF!,IF(OR(J14="",J14=0),"Included in other item",""),"") -> #REF!
G15: Fabrication, galvanising & supply of stubs with cleats for various types of towers and tower extensions (complete) with pack washers excluding supply of bolts & nuts
A16: 3 | D16: HT Steel | E16: 0.18 | G16: HT Steel | H16: MT | I16: 1.622 | L16: =ROUND(J16*I16,2) -> 0 | M16: =ROUND(K16*I16,2) -> 0 | N16: =ROUND(IF(F16="",L16*E16,L16*F16),2) -> 0
A17: 4 | D17: MS Steel | E17: 0.18 | G17: MS Steel | H17: MT | I17: 0.016 | L17: =ROUND(J17*I17,2) -> 0 | M17: =ROUND(K17*I17,2) -> 0 | N17: =ROUND(IF(F17="",L17*E17,L17*F17),2) -> 0 | O17: =IF(#REF!<>#REF!,IF(OR(J17="",J17=0),"Included in other item",""),"") -> #REF!
G18: Supply of Bolts & Nuts for towers and tower extensions including Step Bolts, Spring Washers etc. | O18: =IF(#REF!<>#REF!,IF(OR(J18="",J18=0),"Included in other item",""),"") -> #REF!
A19: 5 | D19: Hexagonal Bolts and Nuts including step bolts and spring washers for tower & tower extensions | E19: 0.18 | G19: Hexagonal Bolts and Nuts including step bolts and spring washers for tower & tower extensions | H19: MT | I19: 2.099 | L19: =ROUND(J19*I19,2) -> 0 | M19: =ROUND(K19*I19,2) -> 0 | N19: =ROUND(IF(F19="",L19*E19,L19*F19),2) -> 0 | O19: =IF(#REF!<>#REF!,IF(OR(J19="",J19=0),"Included in other item",""),"") -> #REF!
A20: 6 | E20: 0.18 | G20: Hexagonal Bolts and nuts including washers for Stubs | H20: MT | I20: 0.024 | L20: =ROUND(J20*I20,2) -> 0 | M20: =ROUND(K20*I20,2) -> 0 | N20: =ROUND(IF(F20="",L20*E20,L20*F20),2) -> 0 | O20: =IF(#REF!<>#REF!,IF(OR(J20="",J20=0),"Included in other item",""),"") -> #REF!
G21: EARTHING OF TOWERS
G22: Supply of earthing of towers
A23: 7 | D23: PIPE Type | E23: 0.18 | G23: PIPE Type | H23: NOS. | I23: 2 | L23: =ROUND(J23*I23,2) -> 0 | M23: =ROUND(K23*I23,2) -> 0 | N23: =ROUND(IF(F23="",L23*E23,L23*F23),2) -> 0 | O23: =IF(#REF!<>#REF!,IF(OR(J23="",J23=0),"Included in other item",""),"") -> #REF!
A24: 8 | D24: CP Type | E24: 0.18 | G24: CP Type | H24: NOS. | I24: 2 | L24: =ROUND(J24*I24,2) -> 0 | M24: =ROUND(K24*I24,2) -> 0 | N24: =ROUND(IF(F24="",L24*E24,L24*F24),2) -> 0 | O24: =IF(#REF!<>#REF!,IF(OR(J24="",J24=0),"Included in other item",""),"") -> #REF!
G25: TOWER ACCESSORIES
G26: Supply of following tower accessories
A27: 9 | D27: Danger Plate | E27: 0.18 | G27: Danger Plate | H27: NOS. | I27: 4 | L27: =ROUND(J27*I27,2) -> 0 | M27: =ROUND(K27*I27,2) -> 0 | N27: =ROUND(IF(F27="",L27*E27,L27*F27),2) -> 0 | O27: =IF(#REF!<>#REF!,IF(OR(J27="",J27=0),"Included in other item",""),"") -> #REF!
A28: 10 | D28: Number Plate | E28: 0.18 | G28: Number Plate | H28: NOS. | I28: 4 | L28: =ROUND(J28*I28,2) -> 0 | M28: =ROUND(K28*I28,2) -> 0 | N28: =ROUND(IF(F28="",L28*E28,L28*F28),2) -> 0 | O28: =IF(#REF!<>#REF!,IF(OR(J28="",J28=0),"Included in other item",""),"") -> #REF!
A29: 11 | D29: Phase Plate (Set of Three) | E29: 0.18 | G29: Phase Plate (Set of Three) | H29: Sets | I29: 4 | L29: =ROUND(J29*I29,2) -> 0 | M29: =ROUND(K29*I29,2) -> 0 | N29: =ROUND(IF(F29="",L29*E29,L29*F29),2) -> 0 | O29: =IF(#REF!<>#REF!,IF(OR(J29="",J29=0),"Included in other item",""),"") -> #REF!
A30: 12 | D30: Anti-Climbing Devices | E30: 0.18 | G30: Anti-Climbing Devices | H30: NOS. | I30: 4 | L30: =ROUND(J30*I30,2) -> 0 | M30: =ROUND(K30*I30,2) -> 0 | N30: =ROUND(IF(F30="",L30*E30,L30*F30),2) -> 0 | O30: =IF(#REF!<>#REF!,IF(OR(J30="",J30=0),"Included in other item",""),"") -> #REF!
G31: SUPPLY OF HARDWAR FITTINGS
G32: Hardware Fittings for 400kV AC with ACSR Twin Moose Conductor
A33: 13 | D33: Single "I" suspension fitting for PILOTstring including Counter weight (Suitable for 1x23, 120 kN standard disc insulators or 1x1, 120 kN Polymer Composite Long Rod Insultors) | E33: 0.18 | G33: Single "I" suspension fitting for PILOTstring including Counter weight (Suitable for 1x23, 120 kN standard disc insulators or 1x1, 120 kN Polymer Composite Long Rod Insultors) | H33: Sets | I33: 8 | L33: =ROUND(J33*I33,2) -> 0 | M33: =ROUND(K33*I33,2) -> 0 | N33: =ROUND(IF(F33="",L33*E33,L33*F33),2) -> 0 | O33: =IF(#REF!<>#REF!,IF(OR(J33="",J33=0),"Included in other item",""),"") -> #REF!
A34: 14 | D34: Double Tension insulator fitting (Suitable for 2x23, 160 kN standard disc insulators or 4X1 160 kN Polymer Composite Long Rod insulators) | E34: 0.18 | G34: Double Tension insulator fitting (Suitable for 2x23, 160 kN standard disc insulators or 4X1 160 kN Polymer Composite Long Rod insulators) | H34: Sets | I34: 27 | L34: =ROUND(J34*I34,2) -> 0 | M34: =ROUND(K34*I34,2) -> 0 | N34: =ROUND(IF(F34="",L34*E34,L34*F34),2) -> 0 | O34: =IF(#REF!<>#REF!,IF(OR(J34="",J34=0),"Included in other item",""),"") -> #REF!
A35: 15 | D35: Single "I" suspension fitting for suspension string (Suitable for 1x23, 120 kN standard disc insulators or 1x1, 120 kN Polymer Composite Long Rod Insultors) | E35: 0.18 | G35: Single "I" suspension fitting for suspension string (Suitable for 1x23, 120 kN standard disc insulators or 1x1, 120 kN Polymer Composite Long Rod Insultors) | H35: Sets | I35: 3 | L35: =ROUND(J35*I35,2) -> 0 | M35: =ROUND(K35*I35,2) -> 0 | N35: =ROUND(IF(F35="",L35*E35,L35*F35),2) -> 0 | O35: =IF(#REF!<>#REF!,IF(OR(J35="",J35=0),"Included in other item",""),"") -> #REF!
G36: Conductor Accessories for ACSR Moose | O36: =IF(#REF!<>#REF!,IF(OR(J36="",J36=0),"Included in other item",""),"") -> #REF!
A37: 16 | D37: Twin Moose Bundle Spacer for ACSR Moose Conductor | E37: 0.18 | G37: Twin Moose Bundle Spacer for ACSR Moose Conductor | H37: NOS. | I37: 105 | L37: =ROUND(J37*I37,2) -> 0 | M37: =ROUND(K37*I37,2) -> 0 | N37: =ROUND(IF(F37="",L37*E37,L37*F37),2) -> 0
A38: 17 | D38: Twin Rigid Spacer for jumper ( for ACSR Moose Conductor) | E38: 0.18 | G38: Twin Rigid Spacer for jumper ( for ACSR Moose Conductor) | H38: NOS. | I38: 60 | L38: =ROUND(J38*I38,2) -> 0 | M38: =ROUND(K38*I38,2) -> 0 | N38: =ROUND(IF(F38="",L38*E38,L38*F38),2) -> 0 | O38: =IF(#REF!<>#REF!,IF(OR(J38="",J38=0),"Included in other item",""),"") -> #REF!
G39: Earthwire Accessories for 7/3.66mm Earthwire | O39: =IF(#REF!<>#REF!,IF(OR(J39="",J39=0),"Included in other item",""),"") -> #REF!
A40: 18 | D40: Flexible Copper Bond | E40: 0.18 | G40: Flexible Copper Bond | H40: NOS. | I40: 8 | L40: =ROUND(J40*I40,2) -> 0 | M40: =ROUND(K40*I40,2) -> 0 | N40: =ROUND(IF(F40="",L40*E40,L40*F40),2) -> 0
A41: 19 | D41: Flexible AI Bond | E41: 0.18 | G41: Flexible AI Bond | H41: NOS. | I41: 8 | L41: =ROUND(J41*I41,2) -> 0 | M41: =ROUND(K41*I41,2) -> 0 | N41: =ROUND(IF(F41="",L41*E41,L41*F41),2) -> 0
A42: 20 | D42: Vibration damper | E42: 0.18 | G42: Vibration damper | H42: NOS. | I42: 20 | L42: =ROUND(J42*I42,2) -> 0 | M42: =ROUND(K42*I42,2) -> 0 | N42: =ROUND(IF(F42="",L42*E42,L42*F42),2) -> 0
A43: 21 | D43: Tension clamp | E43: 0.18 | G43: Tension clamp | H43: NOS. | I43: 10 | L43: =ROUND(J43*I43,2) -> 0 | M43: =ROUND(K43*I43,2) -> 0 | N43: =ROUND(IF(F43="",L43*E43,L43*F43),2) -> 0
A44: 22 | D44: Suspension Clamp | E44: 0.18 | G44: Suspension Clamp | H44: NOS. | I44: 2 | L44: =ROUND(J44*I44,2) -> 0 | M44: =ROUND(K44*I44,2) -> 0 | N44: =ROUND(IF(F44="",L44*E44,L44*F44),2) -> 0
G45: OPGW Accessories for 24F
A46: 23 | D46: Tension assemby for Dead end - 24F OPGW | E46: 0.18 | G46: Tension assemby for Dead end - 24F OPGW | H46: NOS. | I46: 10 | L46: =ROUND(J46*I46,2) -> 0 | M46: =ROUND(K46*I46,2) -> 0 | N46: =ROUND(IF(F46="",L46*E46,L46*F46),2) -> 0
A47: 24 | D47: Tension assemby for passing tension - 24F OPGW | E47: 0.18 | G47: Tension assemby for passing tension - 24F OPGW | H47: NOS. | I47: 5 | L47: =ROUND(J47*I47,2) -> 0 | M47: =ROUND(K47*I47,2) -> 0 | N47: =ROUND(IF(F47="",L47*E47,L47*F47),2) -> 0
A48: 25 | D48: Suspension clamp assembly - 24F OPGW | E48: 0.18 | G48: Suspension clamp assembly - 24F OPGW | H48: NOS. | I48: 1 | L48: =ROUND(J48*I48,2) -> 0 | M48: =ROUND(K48*I48,2) -> 0 | N48: =ROUND(IF(F48="",L48*E48,L48*F48),2) -> 0
A49: 26 | D49: Vibration damper for 24F OPGW | E49: 0.18 | G49: Vibration damper for 24F OPGW | H49: NOS. | I49: 20 | L49: =ROUND(J49*I49,2) -> 0 | M49: =ROUND(K49*I49,2) -> 0 | N49: =ROUND(IF(F49="",L49*E49,L49*F49),2) -> 0
A50: 27 | D50: Down lead clamp | E50: 0.18 | G50: Down lead clamp | H50: Sets | I50: 120 | L50: =ROUND(J50*I50,2) -> 0 | M50: =ROUND(K50*I50,2) -> 0 | N50: =ROUND(IF(F50="",L50*E50,L50*F50),2) -> 0
A51: 28 | D51: Joint Box 24F OPGW | E51: 0.18 | G51: Joint Box 24F OPGW | H51: NOS. | I51: 2 | L51: =ROUND(J51*I51,2) -> 0 | M51: =ROUND(K51*I51,2) -> 0 | N51: =ROUND(IF(F51="",L51*E51,L51*F51),2) -> 0
A52: 29 | D52: Design, MANUFACTURE AND SUPPLY OF 7/3.66mm Earthwire | E52: 0.18 | G52: Design, MANUFACTURE AND SUPPLY OF 7/3.66mm Earthwire | H52: KMS | I52: 1.404 | L52: =ROUND(J52*I52,2) -> 0 | M52: =ROUND(K52*I52,2) -> 0 | N52: =ROUND(IF(F52="",L52*E52,L52*F52),2) -> 0
A53: 30 | D53: Supply of ACSR Moose Conductor | E53: 0.18 | G53: ACSR Moose Conductor | H53: KMS | I53: 8.423 | L53: =ROUND(J53*I53,2) -> 0 | M53: =ROUND(K53*I53,2) -> 0 | N53: =ROUND(IF(F53="",L53*E53,L53*F53),2) -> 0
A54: 31 | D54: OPGW Cable 24 Fibre (DWSM) OPGW fibre optic cable | E54: 0.18 | G54: OPGW Cable 24 Fibre (DWSM) OPGW fibre optic cable | H54: KMS | I54: 1.46 | L54: =ROUND(J54*I54,2) -> 0 | M54: =ROUND(K54*I54,2) -> 0 | N54: =ROUND(IF(F54="",L54*E54,L54*F54),2) -> 0
G55: CLR Insulators
A56: 32 | D56: Supply of 400KV 120KN Composite Long Rod Insulators ( Length 3335 mm, Creepage - 13020 mm) | E56: 0.18 | G56: Supply of 400KV 120KN Composite Long Rod Insulators ( Length 3335 mm, Creepage - 13020 mm) | H56: NOS. | I56: 12 | L56: =ROUND(J56*I56,2) -> 0 | M56: =ROUND(K56*I56,2) -> 0 | N56: =ROUND(IF(F56="",L56*E56,L56*F56),2) -> 0
A57: 33 | D57: Supply of 400KV 160KN Composite Long Rod Insulators ( Length 3910 mm, Creepage - 13020 mm) | E57: 0.18 | G57: Supply of 400KV 160KN Composite Long Rod Insulators ( Length 3910 mm, Creepage - 13020 mm) | H57: NOS. | I57: 56 | L57: =ROUND(J57*I57,2) -> 0 | M57: =ROUND(K57*I57,2) -> 0 | N57: =ROUND(IF(F57="",L57*E57,L57*F57),2) -> 0
G58: Part-A: Sub Total 400kV RTPS-Munirabad S/C Line (A) | L58: =SUM(L11:L57) -> 0 | M58: =SUM(M11:M57) -> 0 | N58: =SUM(N11:N57) -> 0
A60: B. | G60: 765 kV Raichur-Kurnool Ckt-01 S/C Line (Loc No: 305-308)
G61: NORMAL TOWERS
G62: Fabrication, galvanising & supply of various types of towers & tower parts, tower/leg extensions (complete) excluding stubs and bolts & nuts but including hangers, D-Shackles, pack washers etc.
A63: 1 | E63: 0.18 | G63: HT Steel | H63: MT | I63: 50.4 | L63: =ROUND(J63*I63,2) -> 0 | M63: =ROUND(K63*I63,2) -> 0 | N63: =ROUND(IF(F63="",L63*E63,L63*F63),2) -> 0
A64: 2 | E64: 0.18 | G64: MS Steel | H64: MT | I64: 58.838 | L64: =J64*I64 -> 0 | M64: =ROUND(K64*I64,2) -> 0 | N64: =ROUND(IF(F64="",L64*E64,L64*F64),2) -> 0
G65: Fabrication, galvanising & supply of stubs with cleats for various types of towers and tower extensions (complete) with pack washers excluding supply of bolts & nuts
A66: 3 | E66: 0.18 | G66: HT Steel | H66: MT | I66: 2.287 | L66: =J66*I66 -> 0 | M66: =ROUND(K66*I66,2) -> 0 | N66: =ROUND(IF(F66="",L66*E66,L66*F66),2) -> 0
A67: 4 | E67: 0.18 | G67: MS Steel | H67: MT | I67: 0.349 | L67: =J67*I67 -> 0 | M67: =ROUND(K67*I67,2) -> 0 | N67: =ROUND(IF(F67="",L67*E67,L67*F67),2) -> 0
G68: Supply of Bolts & Nuts for towers and tower extensions including Step Bolts, Spring Washers etc.
A69: 5 | E69: 0.18 | G69: Hexagonal Bolts and Nuts including step bolts and spring washers for tower & tower extensions | H69: MT | I69: 3.687 | L69: =J69*I69 -> 0 | M69: =ROUND(K69*I69,2) -> 0 | N69: =ROUND(IF(F69="",L69*E69,L69*F69),2) -> 0
A70: 6 | E70: 0.18 | G70: Hexagonal Bolts and nuts including washers for Stubs | H70: MT | I70: 0.046 | L70: =J70*I70 -> 0 | M70: =ROUND(K70*I70,2) -> 0 | N70: =ROUND(IF(F70="",L70*E70,L70*F70),2) -> 0
G71: EARTHING OF TOWERS
G72: Supply of earthing of towers
A73: 7 | E73: 0.18 | G73: PIPE Type | H73: NOS. | I73: 3 | L73: =J73*I73 -> 0 | M73: =ROUND(K73*I73,2) -> 0 | N73: =ROUND(IF(F73="",L73*E73,L73*F73),2) -> 0
G74: TOWER ACCESSORIES
G75: Supply of following tower accessories
A76: 8 | E76: 0.18 | G76: Danger Plate | H76: NOS. | I76: 3 | L76: =J76*I76 -> 0 | M76: =ROUND(K76*I76,2) -> 0 | N76: =ROUND(IF(F76="",L76*E76,L76*F76),2) -> 0
A77: 9 | E77: 0.18 | G77: Number Plate | H77: NOS. | I77: 3 | L77: =J77*I77 -> 0 | M77: =ROUND(K77*I77,2) -> 0 | N77: =ROUND(IF(F77="",L77*E77,L77*F77),2) -> 0
A78: 10 | E78: 0.18 | G78: Phase Plate (Set of three) | H78: Sets | I78: 3 | L78: =J78*I78 -> 0 | M78: =ROUND(K78*I78,2) -> 0 | N78: =ROUND(IF(F78="",L78*E78,L78*F78),2) -> 0
A79: 11 | E79: 0.18 | G79: Circuit Plates ( Set of Two) | H79: Sets | I79: 3 | L79: =J79*I79 -> 0 | M79: =ROUND(K79*I79,2) -> 0 | N79: =ROUND(IF(F79="",L79*E79,L79*F79),2) -> 0
A80: 12 | E80: 0.18 | G80: Anti-Climbing Devices | H80: NOS. | I80: 3 | L80: =J80*I80 -> 0 | M80: =ROUND(K80*I80,2) -> 0 | N80: =ROUND(IF(F80="",L80*E80,L80*F80),2) -> 0
G81: SUPPLY OF HARDWAR FITTINGS
G82: Hardware Fittings for 765 kV AC with ACSR Quad Bersimis conductor
A83: 14 | E83: 0.18 | G83: Single "I" suspension fitting for PILOTstring including Counter weight (Suitable for 1x40, 160 kN standard disc insulators or 1x2, 120 kN CLR Polymer insulators) | H83: Sets | I83: 12 | L83: =J83*I83 -> 0 | M83: =ROUND(K83*I83,2) -> 0 | N83: =ROUND(IF(F83="",L83*E83,L83*F83),2) -> 0
A84: 15 | E84: 0.18 | G84: Double "I" suspension fitting (Suitable for Standard 160 KN Disc Insulators or 2X2, 120 KN CLR Polymer Insulators) | H84: Sets | I84: 6 | L84: =J84*I84 -> 0 | M84: =ROUND(K84*I84,2) -> 0 | N84: =ROUND(IF(F84="",L84*E84,L84*F84),2) -> 0
A85: 16 | E85: 0.18 | G85: Quad Tension insulator fitting (Suitable for 4x40, 210 kN standard disc insulators or 2x4, 210 kN CLR Polymer insulators) | H85: Sets | I85: 18 | L85: =J85*I85 -> 0 | M85: =ROUND(K85*I85,2) -> 0 | N85: =ROUND(IF(F85="",L85*E85,L85*F85),2) -> 0
G86: Conductor Accessories for ACSR Bersimis
A87: 18 | E87: 0.18 | G87: Spacer Dampers for Quad Bersimises Conductor | H87: NOS. | I87: 88 | L87: =J87*I87 -> 0 | M87: =ROUND(K87*I87,2) -> 0 | N87: =ROUND(IF(F87="",L87*E87,L87*F87),2) -> 0
A88: 19 | E88: 0.18 | G88: Rigid Spacer for jumper ( for Quad Bersimises Conductor) | H88: NOS. | I88: 63 | L88: =J88*I88 -> 0 | M88: =ROUND(K88*I88,2) -> 0 | N88: =ROUND(IF(F88="",L88*E88,L88*F88),2) -> 0
G89: Earthwire Accessories for 7/3.66mm Earthwire
A90: 20 | E90: 0.18 | G90: Flexible Copper Bond | H90: NOS. | I90: 12 | L90: =J90*I90 -> 0 | M90: =ROUND(K90*I90,2) -> 0 | N90: =ROUND(IF(F90="",L90*E90,L90*F90),2) -> 0
A91: 21 | E91: 0.18 | G91: Vibration damper | H91: NOS. | I91: 24 | L91: =J91*I91 -> 0 | M91: =ROUND(K91*I91,2) -> 0 | N91: =ROUND(IF(F91="",L91*E91,L91*F91),2) -> 0
A92: 22 | E92: 0.18 | G92: Tension clamp | H92: NOS. | I92: 12 | L92: =J92*I92 -> 0 | M92: =ROUND(K92*I92,2) -> 0 | N92: =ROUND(IF(F92="",L92*E92,L92*F92),2) -> 0
A93: 30 | E93: 0.18 | G93: Design, MANUFACTURE AND SUPPLY OF 7/3.66mm Earthwire | H93: KMS | I93: 2.521 | L93: =J93*I93 -> 0 | M93: =ROUND(K93*I93,2) -> 0 | N93: =ROUND(IF(F93="",L93*E93,L93*F93),2) -> 0
A94: 31 | E94: 0.18 | G94: Supply of ACSR Bersimis Conductor | H94: KMS | I94: 15.126 | L94: =J94*I94 -> 0 | M94: =ROUND(K94*I94,2) -> 0 | N94: =ROUND(IF(F94="",L94*E94,L94*F94),2) -> 0
G95: CLR Insulators
A96: 32 | E96: 0.18 | G96: Supply of 765 KV 210KN Composite Long Rod Insulators ( Length 2975 mm, Creepage - 12400 mm) | H96: NOS. | I96: 146 | L96: =J96*I96 -> 0 | M96: =ROUND(K96*I96,2) -> 0 | N96: =ROUND(IF(F96="",L96*E96,L96*F96),2) -> 0
A97: 33 | E97: 0.18 | G97: Supply of 765 KV 120KN Composite Long Rod Insulators ( Length 2900 mm, Creepage - 12400 mm) | H97: NOS. | I97: 37 | L97: =J97*I97 -> 0 | M97: =ROUND(K97*I97,2) -> 0 | N97: =ROUND(IF(F97="",L97*E97,L97*F97),2) -> 0
G98: Sub Total -765 kV Raichur-Kurnool Ckt-01 S/C Line (B) | L98: =SUM(L61:L97) -> 0 | M98: =SUM(M61:M97) -> 0 | N98: =SUM(N61:N97) -> 0
G99: Total of Ex-Works Supply of Plant and Machinery including Freight and Insurance from within India | L99: =L98+L58 -> 0 | M99: =M98+M58 -> 0 | N99: =N98+N58 -> 0
A100: =IF(OR((L99=0),(M99=0)),"As all the line items are Left Blank the bid is considered as Non-responsive","Sheet OK") -> As all the line items are Left Blank the bid is considered as Non-responsive

Sheet Schedule-II
A1: ='Name of Bidder'!B1 -> Diversion of following Lines to facilitate the construction of Railway BG line from Ginigera to Raichur by SWR,Hubli under Raichur TLM in SR-1 (Deposit work On Behalf of SWR): A) 400 kV RTPS-Munirabad S/C Line (Loc No: 147-151) B) 765 kV Raichur-Kurnool Ckt-01 S/C Line (Loc No: 305-308)
A2: Schedule-II : Installataion Charges
A3: Bidder’s Name | D3: ='Name of Bidder'!D9 -> 0 | J3: To:
A4: Address : | D4: ='Name of Bidder'!D10 -> 0 | J4: Contract Services
D5: ='Name of Bidder'!D11 -> 0 | J5: Power Grid Corporation of India Ltd.,
D6: ='Name of Bidder'!D12 -> 0 | J6: Southern Region Transmission system -I
J7: Kavadiguda Main Raod, Secunderabad - 500080
A8: Sl. No. | B8: Service Number | C8: SAC Code | D8: Whether SAC in column ‘2’ is confirmed. If not indicate applicable the SAC # | E8: Rate of GST applicable ( in %) | F8: Whether rate of GST in column ‘4’ is confirmed. If not indicate applicable rate of GST # | G8: Description | H8: Unit | I8: Quantity | J8: Unit installation charges(excl GST) | K8: Total installation charges(excl GST) | L8: GST | M8: Remarks | P8: =COUNTIF(J12:J72,"") -> 61
A9: 1 | C9: 2 | D9: 3 | E9: 2 | F9: 3 | G9: 4 | H9: 5 | I9: 6 | J9: 7 | K9: 8= 6 * 7 | L9: 9 = Appl GST% on sl. No. 8 | P9: =COUNTIF(I12:I72,">0") -> 38
A10: A | G10: Part-A: 400kV RTPS-Munirabad S/C Line
G11: SURVEY
A12: 1 | B12: 120000349 | C12: 995419 | E12: 0.18 | G12: Detailed survey including route alignment, profiling and tower spotting using modern survey techniques | H12: km. | I12: 1.39 | K12: =ROUND(J12*I12,2) -> 0 | L12: =ROUND(IF(F12="",K12*E12,K12*F12),2) -> 0 | M12: =IF($P$9<>$P$8,IF(OR(J12="",J12=0),"Included in other item",""),"") -> Included in other item
A13: 2 | E13: 0.18 | G13: Check Survey | H13: km. | I13: 1.39 | K13: =ROUND(J13*I13,2) -> 0 | L13: =ROUND(IF(F13="",K13*E13,K13*F13),2) -> 0 | M13: =IF($P$9<>$P$8,IF(OR(J13="",J13=0),"Included in other item",""),"") -> Included in other item
G14: ERECTION OF VARIOUS TYPES OF TOWERS & TOWER PARTS,TOWER EXTENSIONS (COMPLETE) INCLUDING BOLTS & NUTS, HANGERS, D-SHACKLES, STEP BOLTS, PACK WASHERS ETC., INCLUDING TACK WELDING & SUPPLY & APPLICATION OF ZINC RICH PRIMER & TWO COATS OF ENAMEL PAINT
A15: 3 | E15: 0.18 | G15: 400 kV Single Circuit Horizontal Tower | H15: MT | I15: 65.866 | K15: =ROUND(J15*I15,2) -> 0 | L15: =ROUND(IF(F15="",K15*E15,K15*F15),2) -> 0 | M15: =IF($P$9<>$P$8,IF(OR(J15="",J15=0),"Included in other item",""),"") -> Included in other item
G16: BENCHING
A17: =+A15+1 -> 4 | E17: 0.18 | G17: All kinds of soils except fissured rock,hard rock and sandy soil | H17: Cu.m. | I17: 20 | K17: =ROUND(J17*I17,2) -> 0 | L17: =ROUND(IF(F17="",K17*E17,K17*F17),2) -> 0
G18: Work associated with tower foundations for various type of towers
G19: Excavation in various types of soils
A20: 5 | E20: 0.18 | G20: Normal soil | H20: Cu.m. | I20: 165.112 | K20: =ROUND(J20*I20,2) -> 0 | L20: =ROUND(IF(F20="",K20*E20,K20*F20),2) -> 0
A21: 6 | E21: 0.18 | G21: wet soil | H21: Cu.m. | I21: 1486.004 | K21: =ROUND(J21*I21,2) -> 0 | L21: =ROUND(IF(F21="",K21*E21,K21*F21),2) -> 0 | M21: =IF($P$9<>$P$8,IF(OR(J21="",J21=0),"Included in other item",""),"") -> Included in other item
G22: CONCRETING (INCLUDING ALL ASSOCIATED WORKS RELATED TO FOUNDATION NOT COVERED IN 5.1 & 5.3) | M22: =IF($P$9<>$P$8,IF(OR(J22="",J22=0),"Included in other item",""),"") -> Included in other item
A23: 7 | E23: 0.18 | G23: Concreting (1:1.5:3) | H23: Cu.m. | I23: 81.808 | K23: =ROUND(J23*I23,2) -> 0 | L23: =ROUND(IF(F23="",K23*E23,K23*F23),2) -> 0
A24: 8 | E24: 0.18 | G24: Lean Concrete (1:3:6) | H24: Cu.m. | I24: 24.776 | K24: =ROUND(J24*I24,2) -> 0 | L24: =ROUND(IF(F24="",K24*E24,K24*F24),2) -> 0
A25: 9 | E25: 0.18 | G25: Reinforcement Cement Concrete (RCC-M25) | H25: Cu.m. | I25: 81.808 | K25: =ROUND(J25*I25,2) -> 0 | L25: =ROUND(IF(F25="",K25*E25,K25*F25),2) -> 0 | M25: =IF($P$9<>$P$8,IF(OR(J25="",J25=0),"Included in other item",""),"") -> Included in other item
G26: REINFORCEMENT STEEL
A27: 10 | E27: 0.18 | G27: Supply, transportation and placement | H27: MT | I27: 8.989 | K27: =ROUND(J27*I27,2) -> 0 | L27: =ROUND(IF(F27="",K27*E27,K27*F27),2) -> 0
A28: 11 | E28: 0.18 | G28: Installation of 400 kV S/C Stub including bolts, nuts, washers etc. | H28: MT | I28: 1.661 | K28: =ROUND(J28*I28,2) -> 0 | L28: =ROUND(IF(F28="",K28*E28,K28*F28),2) -> 0
G29: Installation of earthing of towers
A30: 12 | E30: 0.18 | G30: Pipe Type | H30: No. | I30: 2 | K30: =ROUND(J30*I30,2) -> 0 | L30: =ROUND(IF(F30="",K30*E30,K30*F30),2) -> 0
A31: 13 | E31: 0.18 | G31: CP Type | H31: No. | I31: 2 | K31: =ROUND(J31*I31,2) -> 0 | L31: =ROUND(IF(F31="",K31*E31,K31*F31),2) -> 0
G32: Installation of tower accessories
A33: 14 | E33: 0.18 | G33: Danger Plate | H33: No. | I33: 4 | K33: =ROUND(J33*I33,2) -> 0 | L33: =ROUND(IF(F33="",K33*E33,K33*F33),2) -> 0
A34: =A33+1 -> 15 | E34: 0.18 | G34: Number Plate | H34: No. | I34: 4 | K34: =ROUND(J34*I34,2) -> 0 | L34: =ROUND(IF(F34="",K34*E34,K34*F34),2) -> 0
A35: =A34+1 -> 16 | E35: 0.18 | G35: Phase Plate (Set of three) | H35: Set | I35: 4 | K35: =ROUND(J35*I35,2) -> 0 | L35: =ROUND(IF(F35="",K35*E35,K35*F35),2) -> 0
A36: =A35+1 -> 17 | E36: 0.18 | G36: Anti-Climbing Devices | H36: No. | I36: 4 | K36: =ROUND(J36*I36,2) -> 0 | L36: =ROUND(IF(F36="",K36*E36,K36*F36),2) -> 0
G37: Installation of insulator strings complete with arcing horns & necessary hardware, installing and stringing of conductor including fixing of conductor accessories, installing & stringing of earth wire &OPGW including fixing of earth wire/OPGW accessories.
A38: 18 | E38: 0.18 | G38: 400KV S/C transmission line | H38: km. | I38: 1.39 | K38: =ROUND(J38*I38,2) -> 0 | L38: =ROUND(IF(F38="",K38*E38,K38*F38),2) -> 0
G39: Installation of OPGW
A40: 19 | E40: 0.18 | G40: Installation of Joint Box for 24F OPGW. | H40: No. | I40: 2 | K40: =ROUND(J40*I40,2) -> 0 | L40: =ROUND(IF(F40="",K40*E40,K40*F40),2) -> 0
A41: 20 | E41: 0.18 | G41: Dismantling of existing towers ( 2 nos ) piece by piece in safe condition by removing the tack welding / punching etc. and handing over to POWERGRID STORE as directed by Engineer in Charge including transportation,loading, unloading and stacking in store | H41: MT | I41: 20.974 | K41: =ROUND(J41*I41,2) -> 0 | L41: =ROUND(IF(F41="",K41*E41,K41*F41),2) -> 0
A42: 21 | E42: 0.18 | G42: Destringing of Conductor & earthwire/OPGW of 400KV S/C Twin moose line and handing over to POWERGRID store including transportation, loading and unloading | H42: km | I42: 1.271 | K42: =ROUND(J42*I42,2) -> 0 | L42: =ROUND(IF(F42="",K42*E42,K42*F42),2) -> 0
G43: Part-A: Sub Total 400kV RTPS-Munirabad S/C Line (A) | K43: =SUM(K12:K42) -> 0 | L43: =SUM(L12:L42) -> 0
G45: PART-B: 765kV Raichur-Kurnool Ckt-01 S/C Line (B)
G46: SURVEY
A47: 1 | E47: 0.18 | G47: Detailed survey including route alignment, profiling and tower spotting using modern survey techniques | H47: km. | I47: 1.248 | K47: =ROUND(J47*I47,2) -> 0 | L47: =ROUND(IF(F47="",K47*E47,K47*F47),2) -> 0
A48: 2 | E48: 0.18 | G48: Check Survey | H48: km. | I48: 1.248 | K48: =ROUND(J48*I48,2) -> 0 | L48: =ROUND(IF(F48="",K48*E48,K48*F48),2) -> 0
G49: ERECTION OF VARIOUS TYPES OF TOWERS & TOWER PARTS,TOWER EXTENSIONS (COMPLETE) INCLUDING BOLTS & NUTS, HANGERS, D-SHACKLES, STEP BOLTS, PACK WASHERS ETC., INCLUDING TACK WELDING & SUPPLY & APPLICATION OF ZINC RICH PRIMER & TWO COATS OF ENAMEL PAINT
A50: 3 | E50: 0.18 | G50: 765 kV Single Circuit Towers | H50: MT | I50: 112.925 | K50: =ROUND(J50*I50,2) -> 0 | L50: =ROUND(IF(F50="",K50*E50,K50*F50),2) -> 0
G51: Work associated with tower foundations for various type of towers
G52: Excavation in various types of soils
A53: 4 | E53: 0.18 | G53: wet soil | H53: Cu.m. | I53: 2258.22 | K53: =ROUND(J53*I53,2) -> 0 | L53: =ROUND(IF(F53="",K53*E53,K53*F53),2) -> 0
G54: CONCRETING (INCLUDING ALL ASSOCIATED WORKS RELATED TO FOUNDATION NOT COVERED IN 5.1 & 5.3)
A55: 5 | E55: 0.18 | G55: Concreting (1:1.5:3) | H55: Cu.m. | I55: 301.72 | K55: =ROUND(J55*I55,2) -> 0 | L55: =ROUND(IF(F55="",K55*E55,K55*F55),2) -> 0
A56: 6 | E56: 0.18 | G56: Lean Concrete (1:3:6) | H56: Cu.m. | I56: 34.83 | K56: =ROUND(J56*I56,2) -> 0 | L56: =ROUND(IF(F56="",K56*E56,K56*F56),2) -> 0
G57: REINFORCEMENT STEEL
A58: 7 | E58: 0.18 | G58: Supply, transportation and placement | H58: MT | I58: 23.036 | K58: =ROUND(J58*I58,2) -> 0 | L58: =ROUND(IF(F58="",K58*E58,K58*F58),2) -> 0
A59: 8 | E59: 0.18 | G59: Installation of 765 kv S/C Stub including bolts, nuts, washers etc. | H59: MT | I59: 2.681 | K59: =ROUND(J59*I59,2) -> 0 | L59: =ROUND(IF(F59="",K59*E59,K59*F59),2) -> 0
G60: Installation of earthing of towers
A61: 9 | E61: 0.18 | G61: Pipe Type | H61: No. | I61: 3 | K61: =ROUND(J61*I61,2) -> 0 | L61: =ROUND(IF(F61="",K61*E61,K61*F61),2) -> 0
G62: Installation of tower accessories
A63: 10 | E63: 0.18 | G63: Danger Plate | H63: No. | I63: 3 | K63: =ROUND(J63*I63,2) -> 0 | L63: =ROUND(IF(F63="",K63*E63,K63*F63),2) -> 0
A64: 11 | E64: 0.18 | G64: Number Plate | H64: No. | I64: 3 | K64: =ROUND(J64*I64,2) -> 0 | L64: =ROUND(IF(F64="",K64*E64,K64*F64),2) -> 0
A65: 12 | E65: 0.18 | G65: Phase Plate (Set of three) | H65: Set | I65: 3 | K65: =ROUND(J65*I65,2) -> 0 | L65: =ROUND(IF(F65="",K65*E65,K65*F65),2) -> 0
A66: 13 | E66: 0.18 | G66: Circuit Plate (Set of Two) | H66: Set | I66: 3 | K66: =ROUND(J66*I66,2) -> 0 | L66: =ROUND(IF(F66="",K66*E66,K66*F66),2) -> 0
A67: 14 | E67: 0.18 | G67: Anti-Climbing Devices | H67: No. | I67: 3 | K67: =ROUND(J67*I67,2) -> 0 | L67: =ROUND(IF(F67="",K67*E67,K67*F67),2) -> 0
G68: Installation of insulator strings complete with arcing horns & necessary hardware, installing and stringing of conductor including fixing of conductor accessories, installing & stringing of earth wire &OPGW including fixing of earth wire/OPGW accessories.
A69: 15 | E69: 0.18 | G69: 765 kV S/C Transmission Line | H69: km. | I69: 1.248 | K69: =ROUND(J69*I69,2) -> 0 | L69: =ROUND(IF(F69="",K69*E69,K69*F69),2) -> 0
A70: 16 | E70: 0.18 | G70: Dismantling of existing towers ( 2 nos ) piece by piece in safe condition by removing the tack welding / punching etc. and handing over to POWERGRID STORE as directed by Engineer in Charge including transportation,loading, unloading and stacking in store | H70: MT | I70: 40.932 | K70: =ROUND(J70*I70,2) -> 0 | L70: =ROUND(IF(F70="",K70*E70,K70*F70),2) -> 0
A71: 17 | E71: 0.18 | G71: Destringing of Conductor & earthwire/OPGW of 765KV S/C Quad bersimis line and handing over to POWERGRID store including transportation, loading and unloading | H71: km | I71: 1.186 | K71: =ROUND(J71*I71,2) -> 0 | L71: =ROUND(IF(F71="",K71*E71,K71*F71),2) -> 0
G72: Sub Total -765 kV Raichur-Kurnool Ckt-01 S/C Line (B) | K72: =SUM(K47:K71) -> 0 | L72: =SUM(L47:L71) -> 0
G73: Total of Installataion Charges (A+B) | K73: =K72+K43 -> 0 | L73: =L72+L43 -> 0 | N73: =IF(COUNTIF(N6:N9,"TRUE"),"False","Sheet OK") -> Sheet OK
A74: =IF(K73="","As all the line items are Left Blank the bid is considered as Non-responsive","Sheet OK") -> Sheet OK
A75: =IF((K73=0),"As all the line items are Left Blank the bid is considered as Non-responsive","Sheet OK") -> As all the line items are Left Blank the bid is considered as Non-responsive

Sheet Schedule-III-Summary
A1: ='Name of Bidder'!B1 -> Diversion of following Lines to facilitate the construction of Railway BG line from Ginigera to Raichur by SWR,Hubli under Raichur TLM in SR-1 (Deposit work On Behalf of SWR): A) 400 kV RTPS-Munirabad S/C Line (Loc No: 147-151) B) 765 kV Raichur-Kurnool Ckt-01 S/C Line (Loc No: 305-308)
A2: ='Name of Bidder'!B2 -> SPEC. NO.: SR-I/C&M/WC-4740/2026/Rfx-xxx
A3: (GRAND SUMMARY)
A4: Bidder’s Name and Address (Sole Bidder) : | C4: To:
A5: Name : | B5: ='Schedule-I'!D4 -> 0 | C5: Contract Services
A6: Address : | B6: ='Schedule-I'!D6 -> 0 | C6: Power Grid Corporation of India Ltd.,
B7: ='Schedule-I'!D7 -> 0 | C7: Southern Region Transmission system -I
B8: ='Schedule-I'!D8 -> Whether SAC in column ‘2’ is confirmed. If not indicate applicable the SAC # | C8: Kavadiguda Main Raod, Secunderabad - 500080
A9: Sl. No. | B9: Description | D9: Total Price (INR)
A10: 1.1 | B10: TOTAL SCHEDULE NO. I
B11: ='Schedule-I'!A2 -> Schedule-I: Ex-Works Supply of Plant and Machinery including Freight and Insurance from within India | D11: =IF('Schedule-I'!L99=0,"Not Quoted",'Schedule-I'!L99+'Schedule-I'!M99) -> Not Quoted
A12: 1.2 | B12: TOTAL SCHEDULE NO. II
B13: ='Schedule-II'!A2 -> Schedule-II : Installataion Charges | D13: =IF('Schedule-II'!K73=0,"Not Quoted",'Schedule-II'!K73) -> Not Quoted
A14: 1.3 | B14: GST
B15: GST on Schedulre-I | D15: =IF('Schedule-I'!N99=0,"Not quoted",'Schedule-I'!N99) -> Not quoted
B16: GST on Schedule-II | D16: =IF('Schedule-II'!K73=0,"Not Quoted",'Schedule-II'!L73) -> Not Quoted
A18: 1 | B18: Total Bid Price excluding GST | D18: =IF(OR(D11="Not Quoted",D13="Not Quoted"),"Non Responsive",D11+D13) -> Non Responsive
A21: 2 | B21: Total GST | D21: =IF(D18="Non Responsive","Non Responsive", SUM(D15:D16)) -> Non Responsive
A23: 3 | B23: GRAND TOTAL including GST | D23: =IF(D18="Non Responsive","Non Responsive", SUM(D18:D21)) -> Non Responsive
A26: Date : | B26: ='Name of Bidder'!D19 -> 0 | C26: Printed Name : | D26: ='Name of Bidder'!D16 -> 0
A27: Place : | B27: ='Name of Bidder'!D20 -> 0 | C27: Designation : | D27: ='Name of Bidder'!D17 -> 0

Sheet Bid Form
A1: ='Schedule-III-Summary'!A2:D2 -> SPEC. NO.: SR-I/C&M/WC-4740/2026/Rfx-xxx | F1: Bid Form 2nd Envelope
A3: BID FORM (Second Envelope)
A5: Bid Proposal Ref. No.
A6: Date : | B6: ='Name of Bidder'!D19 -> 0
A8: To:
A9: Contract Services
A10: Power Grid Corporation of India Ltd.,
A11: Southern Region Transmission System-I
A15: Name of Contract : | C15: ='Name of Bidder'!B1 -> Diversion of following Lines to facilitate the construction of Railway BG line from Ginigera to Raichur by SWR,Hubli under Raichur TLM in SR-1 (Deposit work On Behalf of SWR): A) 400 kV RTPS-Munirabad S/C Line (Loc No: 147-151) B) 765 kV Raichur-Kurnool Ckt-01 S/C Line (Loc No: 305-308)
A16: Dear Ladies and/or Gentlemen,
A17: 1 | B17: =V17 &X17 & Y17 & W17 -> In continuation of First Envelope of our Bid, we hereby submit the Second Envelope of the Bid, both of which shall be read together and in conjunction with each other, and shall be construed as an integral part of our Bid. Accordingly, we the undersigned, offer to undertake the above-named package in full conformity with the said Bidding Documents for the sum of Rs. Non Responsive /- only or such other sums as may be determined in accordance with the terms and conditions of the Bidding Documents. | V17: In continuation of First Envelope of our Bid, we hereby submit the Second Envelope of the Bid, both of which shall be read together and in conjunction with each other, and shall be construed as an integral part of our Bid. Accordingly, we the undersigned, offer to undertake the above-named package in full conformity with the said Bidding Documents for the sum of Rs. | W17: /- only or such other sums as may be determined in accordance with the terms and conditions of the Bidding Documents. | X17: ='Schedule-III-Summary'!D23 -> Non Responsive
B18: The above amounts are in accordance with the price schedules attached herewith and are made part of this bid.
A19: 2 | B19: Price Schedules
A20: 2.1 | B20: In line with the requirements of the Bidding documents, we enclose herewith the following Price Schedules, duly filled - in as per your proforma:
B21: Sch-1 | C21: Ex-Works Supply of Plant and Machinery including Freight and Insurance from within India
B22: Sch-2 | C22: Installataion Charges
B23: Sch-3 | C23: Grand Summary
A25: 2.2 | B25: We are aware that the Price Schedules do not generally give a full description of the Work to be performed under each item and we shall be deemed to have read the Technical Specifications and other sections of the Bidding Documents and Drawings to ascertain the full scope of Work included in each item while filling-in the rates and prices. We agree that the entered rates and prices shall be deemed to include for the full scope as aforesaid, including overheads and profit.
A26: 2.3 | B26: We declare that as specified in Clause 4.6, ITB, Vol.-IA of the Bidding Documents, the prices of all the Services to be supplied under this contract shall be FIRM and doesnot subject to any price adjustment as per relevant clauses in bidding document.
A27: 2.4 | B27: We understand that in the price schedules, where there are errors between the total of the amounts given under the column for the price Breakdown and the amount given under the Total Price, the former shall prevail and the latter will be corrected accordingly. We further understand that where there are discrepancies between amounts stated in figures and amounts stated in words, the amount stated in words shall prevail. Similarly, any discrepancy in the total bid price and that of the summation of Schedule price (price indicated in a Schedule indicating the total of that schedule), the total bid price shall be corrected to reflect the actual summation of the Schedule prices.
A28: 3 | B28: We confirm that except as otherwise specifically provided our Bid Prices in this Second Envelope include all taxes, duties, levies and charges as may be assessed on us/our Associate (applicable for Foreign Bidder), our Sub-Contractor/Sub-Vendor or their employees by all municipal, state or national government authorities in connection with the Facilities, in and outside of India.
A29: 3.1 | B29: 100% of applicable Taxes and Duties i.e GST , which are payable by the Employer under the Contract, shall be reimbursed by the Employer on production of satisfactory documentary evidence by the Contractor in accordance with the provisions of the Bidding Documents.
A30: 3.2 | B30: We further understand that notwithstanding 3.0 above, in case of award on us, you shall also bear and pay/reimburse to us, GST applicable on Installation Services specified in Schedule No. I & II of the Price Schedule in this Second Envelope, by the Indian Laws.
A31: 3.3 | B31: We confirm that we have also registered/we shall also get registered in the GST Network with a GSTIN, in all the states where the project is located and the states from which we shall make our supply of goods.
A32: 4 | B32: # (For Joint Venture only) We, the partners of Joint Venture submitting this bid, do agree and confirm that in case of Award of Contract on the Joint Venture, we shall be jointly and severally liable and responsible for the execution of the Contract in accordance with Contract terms and conditions.
A33: 5 | B33: We, hereby, declare that only the persons or firms interested in this proposal as principals are named here and that no other persons or firms other than those mentioned herein have any interest in this proposal or in the Contract to be entered into, if the award is made on us, that this proposal is made without any connection with any other person, firm or party likewise submitting a proposal is in all respects for and in good faith, without collusion or fraud.
B34: =IF(ISERROR("Dated this " & AC6 & LOOKUP(AC6,AA1:AA27,AB1:AB27) & " day of " & AC8 & " " &AC9), "", "Dated this " & AC6 & LOOKUP(AC6,AA1:AA27,AB1:AB27) & " day of " & AC8 & " " &AC9)
B35: Thanking you, we remain,
F36: Yours faithfully,
F37: ="For and on behalf of " & 'Schedule-I'!D4 -> For and on behalf of 0
A39: Date : | B39: ='Name of Bidder'!D19 -> 0 | E39: Printed Name : | F39: ='Name of Bidder'!D16 -> 0
A40: Place : | B40: ='Name of Bidder'!D20 -> 0 | E40: Designation : | F40: ='Name of Bidder'!D17 -> 0
A42: Please provide additional information of the Bidder
A43: Business Address :
A46: Country of Incorporation :
A47: State/Province to be indicated :
A48: Name of Principal Officer :
A49: Address of Principal Officer :
A52: ="Note: Bidders may note that no prescribed proforma has been enclosed for Attachment 2 : Power of Attorney. Bidders may use their own proforma for furnishing the required information with the bid." -> Note: Bidders may note that no prescribed proforma has been enclosed for Attachment 2 : Power of Attorney. Bidders may use their own proforma for furnishing the required information with the bid.
A53: * * *
